Map: Línea Aguablanca EE

Players

TATORREA

  • Race: Protoss Protoss
  • League: Silver
  • Spawn Location: 6:00

tigro

  • Race: Terran Terran
  • League: Bronze
  • Spawn Location: 7:00

MrFercho

  • Race: Terran Terran
  • League: Silver
  • Spawn Location: 7:00

solidnliquid - Winner!

  • Race: Protoss Protoss
  • Spawn Location: 1:00

carpaltunnel - Winner!

  • Race: Zerg Zerg
  • Spawn Location: 1:00

zateon - Winner!

  • Race: Terran Terran
  • League: Gold
  • Spawn Location: 12:00

VOD

Have the link to the VOD?

Description

Time

  • Played on: June 5, 2020, 8:49 p.m.
  • Length: 5:01
Show
View Real Time Build Order
Export as new Build Order

TATORREA Protoss 

Build Orders:  

Get SALT Encoding   

  12  0:32  Probe  
  13  0:48  Probe  
  13  0:49  Pylon  
  14  1:02  Probe  
  15  1:12  Gateway  
  15  1:15  Gateway, Probe  
  15  1:17  Gateway  
  16  1:24  Assimilator  
  16  1:28  Probe  
  17  1:40  Probe  
  17  2:09  Probe  
  18  2:21  Zealot x2 (Chrono Boost)  
  22  2:39  Cybernetics Core  
  22  2:52  Zealot  
  22  2:54  Zealot  
  22  3:35  Zealot  
Show
View Real Time Build Order
Export as new Build Order

tigro Terran 

Build Orders:  

Get SALT Encoding   

  12  0:04  SCV  
  13  0:16  SCV  
  14  0:27  Supply Depot  
  14  0:28  SCV  
  15  0:35  Refinery  
  15  0:49  SCV  
  16  1:06  Barracks  
  16  1:07  SCV  
  17  1:18  Refinery  
  17  1:19  SCV  
  18  1:31  SCV  
  19  1:43  SCV  
  20  1:52  Supply Depot  
  20  1:55  SCV  
  9  2:26  Marine  
  6  2:41  Barracks  
  6  2:43  Marine  
  7  3:01  Marine  
  7  3:19  Marine  
  7  3:20  SCV  
  8  3:32  SCV  
  9  3:37  Marine  
  10  3:45  SCV  
  11  3:55  Reaper  
  12  3:57  SCV  
  13  4:09  SCV  
Show
View Real Time Build Order
Export as new Build Order

MrFercho Terran 

Build Orders:  

Get SALT Encoding   

  12  0:01  SCV  
  13  0:13  SCV  
  14  0:25  SCV  
  15  0:40  Refinery  
  15  0:43  Supply Depot  
  15  1:13  Barracks  
  15  1:18  SCV  
  16  1:30  SCV  
  17  1:36  Refinery  
  17  1:42  SCV  
  18  1:54  SCV  
  19  2:17  SCV  
  20  2:23  Supply Depot  
  20  2:31  Marine  
  21  2:44  Factory  
  21  2:49  Marine  
  20  3:22  Engineering Bay  
  20  3:29  Factory Tech Lab  
  20  3:35  Marine  
  21  3:52  Marine  
  22  4:02  Siege Tank  
  25  4:10  Marine  
  26  4:28  Marine  
Show
View Real Time Build Order
Export as new Build Order

solidnliquid Protoss - Winner!

Build Orders: Cannon Rush 

Get SALT Encoding   

  12  0:01  Probe  
  13  0:14  Pylon  
  13  0:35  Forge  
  13  0:37  Probe  
  14  0:57  Pylon  
  14  1:03  Pylon  
  14  1:07  Pylon  
  14  1:19  Photon Cannon  
  14  1:24  Probe  
  15  1:30  Photon Cannon  
  15  1:43  Photon Cannon  
  15  1:47  Probe  
  16  2:03  Photon Cannon  
  16  2:13  Photon Cannon  
  16  2:20  Pylon  
  16  2:28  Pylon  
  16  2:45  Pylon  
  16  3:07  Photon Cannon  
  16  3:17  Photon Cannon  
  16  3:41  Photon Cannon  
  16  3:53  Photon Cannon  
  16  3:57  Pylon  
  16  4:14  Pylon  
  16  4:16  Photon Cannon  
  16  4:20  Photon Cannon  
  16  4:22  Photon Cannon  
  16  4:27  Photon Cannon  
  16  4:40  Pylon  
  16  4:47  Pylon  
  16  4:51  Pylon  
  16  4:55  Pylon  
  16  4:59  Photon Cannon  
Show
View Real Time Build Order
Export as new Build Order

carpaltunnel Zerg - Winner!

Build Orders: Pool First 

Get SALT Encoding   

  12  0:11  Drone  
  12  0:13  Drone  
  14  0:17  Extractor  
  14  0:19  Drone  
  15  0:34  Spawning Pool  
  14  0:40  Overlord  
  14  1:03  Drone  
  15  1:05  Drone  
  15  1:06  Drone  
  15  1:08  Extractor  
  16  1:24  Zergling x2  
  16  1:25  Hatchery  
  16  1:37  Zergling x4  
  18  1:51  Zergling x2  
  19  2:34  Metabolic Boost  
  19  2:58  Zergling x10  
  24  3:21  Zergling x6  
  24  3:22  Zergling x2  
  24  3:25  Overlord  
  27  3:58  Zergling x2  
  27  3:59  Zergling x10  
  32  4:13  Zergling x4  
  34  4:23  Zergling x4  
  36  4:24  Hatchery  
Show
View Real Time Build Order
Export as new Build Order

zateon Terran - Winner!

Build Orders:  

Get SALT Encoding   

  12  0:12  SCV  
  13  0:18  Supply Depot  
  13  0:24  SCV  
  14  0:37  SCV  
  15  0:49  SCV  
  16  1:04  Barracks  
  16  1:07  SCV  
  16  1:08  Barracks  
  17  1:16  Supply Depot  
  17  1:19  SCV  
  18  1:31  SCV  
  19  1:43  Supply Depot  
  19  1:44  SCV  
  20  1:56  Marine, SCV  
  20  1:58  Marine  
  23  2:27  Marine  
  24  2:30  Marine  
  25  2:45  Marine  
  25  2:47  Marine  
  25  3:03  Marine  
  25  3:05  Marine  
  26  3:10  Bunker  
  27  3:21  Marine  
  27  3:23  Marine  
  27  3:26  Bunker  
  26  3:39  Marine  
  26  3:41  Marine  
  28  3:56  Marine  
  29  4:07  Marine  
  30  4:14  Marine  
  31  4:25  Marine  
  31  4:32  Marine  
  32  4:43  Marine  
Tags
 
Add a new tag
Caveats
  • Supply blocks, unpowered buildings, or Contaminate may cause inaccurate times.
  • Supply counts are checked every 10 seconds.